 Dungeon Crawl Stone Soup version 0.17.0-24-gcfadda4 (webtiles) character file.

103095 M4edhros the Unseen (level 16, -28/100 HPs)
             Began as an Octopode Artificer on Nov 16, 2015.
             Was the Champion of Okawaru.
             Killed from afar by a merfolk aquamancer (58 damage)
             ... with a shard of ice
             ... on level 3 of the Shoals.
             The game lasted 01:57:39 (34103 turns).

M4edhros the Unseen (Octopode Artificer)           Turns: 34103, Time: 01:57:40

Health: -28/100    AC:  4    Str: 14    XL:     16   Next: 35%
Magic:  35/35      EV: 19    Int: 14    God:    Okawaru [******]
Gold:   1957       SH: 12    Dex: 21    Spells: 3 memorised, 16 levels left

rFire  + + .     SeeInvis .     C - +9 hunting sling (venom)
rCold  x . .     Clarity  +     N - +0 shield {reflect}
rNeg   . . .     SustAt   .     V - +2 hat {MR+}
rPois  .         Gourm    .     W - amulet of clarity
rElec  .         Spirit   .     p - ring of stealth
rCorr  .         Warding  .     O - ring "Vuggox" {MR+ MP+9 Str+3 Int-2 Dex+4}
rMut   .         Stasis   .     n - ring of fire
MR     ++++.                    L - ring of protection from magic
Stlth  +++++++++.               (no ring)
                                (no ring)
                                (no ring)
                                (no ring)

@: incredibly resistant to hostile enchantments, incredibly stealthy
A: almost no armour, amphibious, 8 rings, constrict 8, repulsion field 1,
camouflage 1, berserk 2, fire resistance 1, shaggy fur 1, gelatinous body 1
a: Heroism, Finesse, Renounce Religion


You were on level 3 of the Shoals.
You worshipped Okawaru.
Okawaru was exalted by your worship.
You were not hungry.

You visited 3 branches of the dungeon, and saw 25 of its levels.
You also visited: Labyrinth, Ossuary, Ice Cave and Volcano.

You collected 2111 gold pieces.
You spent 154 gold pieces at shops.

Inventory:

Hand Weapons
 q - a +0 blowgun
 u - a +2 flail of protection
 C - a +9 hunting sling of venom (weapon)
 D - the +5 greatsling of the Saviour {speed, *Drain Dex+2 Stlth+}
   (Okawaru gifted it to you on level 13 of the Dungeon)

   Attacks with this weapon are significantly faster.
   It affects your dexterity (+2).
   It causes draining when unequipped.
   It makes you more stealthy.
 I - a +2 hunting sling of freezing
Missiles
 d - 30 sling bullets of frost
 g - 100 sling bullets (quivered)
 w - 23 exploding sling bullets
 J - 231 stones
 K - 35 sling bullets of flame
 U - 27 steel sling bullets
 Z - 20 curare-tipped needles
Armour
 N - a +0 shield of reflection (worn)
 V - a +2 hat of magic resistance (worn)
Rods
 c - a +5 rod of inaccuracy (17/17)
   (You acquired it on level 14 of the Dungeon)
Jewellery
 n - a ring of fire (on tentacle)
 p - a ring of stealth (left tentacle)
 L - a ring of protection from magic (on tentacle)
 O - the ring "Vuggox" (right tentacle) {MR+ MP+9 Str+3 Int-2 Dex+4}
   (You found it on level 6 of the Dungeon)

   [ring of intelligence]

   It affects your strength (+3).
   It affects your intelligence (-2).
   It affects your dexterity (+4).
   It affects your resistance to hostile enchantments.
   It affects your magic capacity (+9).
 W - an amulet of clarity (around mantle)
Wands
 a - a wand of disintegration (2)
 b - a wand of enslavement (10)
 f - a wand of fire (5)
 h - a wand of hasting (4)
 t - a wand of fireball (2)
 y - a wand of draining (2)
 A - a wand of paralysis (3)
 M - a wand of slowing (8)
 Q - a wand of digging (9)
Scrolls
 i - a scroll of remove curse
 l - a scroll of enchant armour
 m - a scroll of recharging
 o - a scroll of amnesia
 x - 3 scrolls of blinking
 F - 7 scrolls of teleportation
 G - 3 scrolls of fear
Potions
 k - a potion of magic
 r - 2 potions of cancellation
 s - 9 potions of curing
 v - a potion of resistance
 z - 7 potions of lignification
 E - 3 potions of berserk rage
 H - a potion of agility
 P - 2 potions of invisibility
 S - a potion of haste
 Y - 4 potions of heal wounds
Miscellaneous
 B - a phial of floods
 T - a stone of tremors
Comestibles
 e - 3 bread rations
 j - a slice of pizza


   Skills:
 - Level 6.2 Fighting
   Level 1.0 Short Blades
 - Level 13.2 Slings
 + Level 11.1 Dodging
 + Level 16.4 Stealth
 + Level 10.4 Shields
 + Level 4.2 Spellcasting
 + Level 5.0 Charms
 - Level 4.0 Necromancy
 + Level 4.6 Air Magic
 * Level 14.1 Evocations


You had 16 spell levels left.
You knew the following spells:

 Your Spells              Type           Power        Failure   Level  Hunger
a - Repel Missiles        Chrm/Air       ###...       10%         2    ##.....
b - Swiftness             Chrm/Air       ###.....     10%         2    ##.....
c - Regeneration          Chrm/Necr      ###.......   17%         3    ###....


Dungeon Overview and Level Annotations

Branches:
Dungeon (14/15)            Temple (0/1) D:7            Lair (8/8) D:8
 Shoals (3/4) Lair:4        Snake (0/4) Lair:3        Slime (0/6) Lair:6
    Orc (0/4) D:11         Vaults (0/5) D:13

Altars:
Ashenzari
Cheibriados
Dithmenos
Elyvilon
Kikubaaqudgha
Makhleb
Okawaru
Ru
Trog
Vehumet
Xom
Yredelemnul
Zin

Shops:
D:6 !   D:7 [   D:12 }   D:14 =*

Annotations:
D:5 M4edhros's ghost, novice OpAr; UristPineapples's ghost, novice GrFi
D:8 exclusion: hydra
Shoals:1 Aizul; Uberwunderbarhen's ghost, journeyman DEFE
Shoals:3 Mara


Innate Abilities, Weirdness & Mutations

You cannot wear most types of armour.
You are amphibious.
You can wear up to eight rings at the same time.
You can use your tentacles to constrict eight enemies at once.
Your skin changes colour to match your surroundings (Stealth).
Your rubbery body absorbs attacks (AC +1).
You are surrounded by a mild repulsion field (EV +2).
You often lose your temper in combat.
Your flesh is heat resistant.
You are covered in fur (AC +1).


Message History

The wave splashes down.
You hear a shout! x2
You hear a screech!
You hear a shout!
You hear a shout!
You hear a screech!
You hear a bellow!
You hear a screech!
You hear a bellow!
You hear a bellow!
You hear a shout! x12
Unknown command.
The merfolk aquamancer gestures at you while chanting.
The great wave of water hits you!
You are knocked back by the great wave of water.
The wave splashes down.
Floosh!
You hear a bellow!
You hear a shout!
You hear a screech!
You hear a shout!
The merfolk aquamancer points at you and mumbles some strange words.
The shard of ice hits you!
You feel a painful chill!
* * * LOW HITPOINT WARNING * * *
There is a stone staircase leading up here.
The merfolk aquamancer gestures at you while chanting.
The shard of ice hits you!
You feel a painful chill!
Ouch! That really hurt!
You die...

≈≈≈≈.≈≈≈≈≈≈≈≈(≈≈≈≈
.......≈.(≈≈≈≈≈≈≈≈≈
.......≈.....≈≈≈≈≈≈
#.≈≈.≈.....)....≈≈≈
..≈≈..≈≈...##.....≈
≈.≈≈...≈...##....≈≈
≈≈≈....≈.≈......?≈≈≈≈≈≈≈
..≈≈≈....≈≈.......≈≈≈≈≈.≈≈
...≈.#...@.......(≈≈≈(..≈≈
[... #....≈≈≈....≈≈≈≈≈≈≈≈≈
.....###≈≈≈≈≈≈≈≈≈≈≈≈≈≈≈W≈≈
.....##≈≈E≈≈≈≈≈≈≈≈≈(≈((≈≈.
......≈..≈≈≈≈≈≈..≈≈≈≈≈(≈≈.
..≈≈....m≈≈≈†≈≈.≈≈≈≈≈Wt...
.≈≈≈....≈≈≈≈≈≈≈≈≈≈.≈≈W.#.(
≈≈≈≈≈≈..≈≈≈≈≈≈≈....≈≈<##(.
≈≈≈≈≈≈≈.≈≈.≈≈≈≈......## ..


You could see a merfolk aquamancer and a water elemental.

Vanquished Creatures
  Rupert (D:12)
  Gastronok (D:9)
  Donald (Shoals:1)
  4 dire elephants (Lair:8)
  A merfolk impaler (Shoals:2)
  Josephine (D:11)
  10 hydras
  A minotaur (Lab)
  Harold (D:11)
  The ghost of dorian the Arsonist, a journeyman OpFE of Vehumet (Lair:1)
  A catoblepas (Lair:5)
  An alligator snapping turtle (Shoals:2)
  2 centaur warriors
  A merfolk avatar (Shoals:3)
  Erica (D:9)
  An anaconda (Lair:8)
  2 dancing weapons (D:13)
  A tengu warrior (D:11)
  An ogre mage (D:14)
  15 death yaks
  An unseen horror (Lab)
  A sun demon (Volcano)
  7 sea snakes
  4 harpies (Shoals:1)
  A necromancer (IceCv)
  A faun (Lair:5)
  6 griffons
  2 cyclopes (D:14)
  3 manticores (Shoals:1)
  5 water nymphs
  3 ugly things
  4 black mambas
  2 toenail golems (Volcano)
  Maurice (D:8)
  10 sirens
  3 gargoyles
  10 elephants (Lair:8)
  An eye of devastation (Lair:6)
  2 ice statues (IceCv)
  9 komodo dragons
  14 spiny frogs
  2 fire drakes (Lair:8)
  A red devil (Volcano)
  9 blue devils (IceCv)
  9 merfolk
  A tengu conjurer (D:12)
  2 two-headed ogres
  A trapdoor spider zombie (D:11)
  A wind drake (Shoals:2)
  6 slime creatures
  3 shadows
  3 snapping turtles
  4 blink frogs
  2 trapdoor spiders
  2 wyverns
  A spriggan (D:10)
  3 water elementals
  4 wraiths (D:11)
  A human (D:10)
  7 wolves
  54 yaks
  7 basilisks
  7 hungry ghosts
  2 mottled dragons (D:13)
  A deep elf fighter (D:9)
  A hell hound (Volcano)
  12 hippogriffs
  20 water moccasins
  12 porcupines
  3 ice beasts
  10 orc warriors
  2 wasps
  3 necrophages
  4 ogres
  An eye of draining (Lair:6)
  3 sky beasts
  2 big kobolds
  4 centaurs
  14 crocodiles
  25 giant frogs
  A water moccasin zombie (D:7)
  5 scorpions
  A wyvern skeleton (D:11)
  An electric eel (Lair:4)
  2 giant frog zombies
  4 crimson imps
  16 killer bees
  A centaur zombie (D:9)
  A quasit (D:7)
  A draconian simulacrum (IceCv)
  7 jellies
  3 hounds
  A centaur skeleton (D:4)
  A giant frog skeleton (D:6)
  9 iguanas
  5 worker ants
  10 orc priests
  10 orc wizards
  A killer bee zombie (D:7)
  50 sheep
  A troll simulacrum (IceCv)
  A spriggan simulacrum (IceCv)
  4 centaur simulacra (IceCv)
  2 hound skeletons
  8 mummies (Ossuary)
  12 adders
  2 ogre simulacra (IceCv)
  4 gnolls (D:3)
  A naga simulacrum (IceCv)
  4 shadow imps
  12 white imps (Lair:3)
  An ooze (D:5)
  3 worms
  4 giant geckos
  31 orcs
  5 bats
  8 hobgoblins
  5 jackals
  4 quokkas
  7 giant cockroaches
  3 giant newts
  2 gnoll zombies (Ossuary)
  7 goblins
  2 hobgoblin zombies (Ossuary)
  17 kobolds
  3 kobold zombies (Ossuary)
  An orc zombie (Ossuary)
  3 rats (D:3)
  7 fungi
  9 plants
690 creatures vanquished.

Vanquished Creatures (collateral kills)
  2 orcs (D:9)
2 creatures vanquished.

Vanquished Creatures (others)
  A merfolk javelineer (Shoals:1)
  A manticore (Shoals:3)
  2 centaurs
  4 killer bees (D:10)
  3 orc priests
  18 fungi
  13 plants
42 creatures vanquished.

Grand Total: 734 creatures vanquished

Notes
Turn   | Place    | Note
--------------------------------------------------------------
     0 | D:1      | M4edhros the Octopode Artificer began the quest for the Orb.
     0 | D:1      | Reached XP level 1. HP: 13/13 MP: 3/3
   145 | D:1      | Reached XP level 2. HP: 1/18 MP: 4/4
   863 | D:2      | Reached skill level 4 in Evocations
   863 | D:2      | Reached XP level 3. HP: 11/23 MP: 4/6
   875 | D:2      | HP: 1/23 [poisoned by an adder]
  1502 | D:3      | Reached XP level 4. HP: 19/28 MP: 7/7
  1877 | D:4      | Noticed an ogre
  2017 | D:4      | Killed an ogre
  2017 | D:4      | Reached skill level 5 in Stealth
  2017 | D:4      | Reached skill level 5 in Evocations
  2017 | D:4      | Reached XP level 5. HP: 25/33 MP: 8/8
  2088 | D:5      | Entered Level 5 of the Dungeon
  2121 | D:4      | Reached XP level 6. HP: 35/38 MP: 8/10
  2125 | D:4      | Reached skill level 6 in Stealth
  2133 | D:4      | Found a snail-covered altar of Cheibriados.
  2179 | D:5      | Noticed UristPineapples's ghost (novice GrFi)
  2191 | D:5      | Noticed a sky beast
  2224 | D:5      | Noticed M4edhros's ghost (novice OpAr)
  2274 | D:5      | Found a sand-covered staircase.
  2385 | Ossuary  | Entered an ossuary
  2605 | Ossuary  | Reached skill level 7 in Stealth
  3208 | D:6      | Found an iron altar of Okawaru.
  3213 | D:6      | Found a bloodstained altar of Trog.
  3227 | D:6      | Found a radiant altar of Vehumet.
  3233 | D:6      | Reached XP level 7. HP: 28/43 MP: 11/11
  3244 | D:6      | Found an ancient bone altar of Kikubaaqudgha.
  3252 | D:6      | Became a worshipper of Warmaster Okawaru
  3453 | D:6      | Found a shattered altar of Ashenzari.
  4855 | D:3      | Reached skill level 8 in Stealth
  5088 | D:4      | Found a white marble altar of Elyvilon.
  5146 | D:4      | Found a shimmering altar of Xom.
  5383 | D:5      | Killed a sky beast
  5388 | D:5      | Gained mutation: You can breathe flames. [mutagenic meat]
  5389 | D:5      | Gained mutation: You are surrounded by a mild repulsion field (EV +2). [mutagenic meat]
  5390 | D:5      | Gained mutation: Your mind is acute. (Int +2) [mutagenic meat]
  6562 | D:6      | HP: 2/43 [centaur/arrow (16)]
  6563 | D:6      | Reached skill level 1 in Slings
  6563 | D:6      | Reached XP level 8. HP: 2/48 MP: 13/13
  6900 | D:6      | Got a smoking golden ring
  6934 | D:6      | Identified the cursed ring "Vuggox" {MR+ MP+9 Str+3 Int-2 Dex+4} (You found it on level 6 of the Dungeon)
  7134 | D:6      | Found a shadowy altar of Dithmenos.
  7152 | D:6      | Found Ugasucre's Distillery.
  7165 | D:6      | Gained mutation: Your muscles are strong. (Str +2) [potion of mutation]
  7165 | D:6      | Gained mutation: Scrolls take you a little longer to read. [potion of mutation]
  7531 | D:7      | Reached skill level 9 in Stealth
  7594 | D:7      | Found a basalt altar of Yredelemnul.
  7602 | D:7      | Reached * piety under Okawaru
  7638 | D:7      | Lost mutation: Your mind is acute. (Int +2) [potion of cure mutation]
  7638 | D:7      | Lost mutation: You can breathe flames. [potion of cure mutation]
  7638 | D:7      | Lost mutation: Your muscles are strong. (Str +2) [potion of cure mutation]
  7638 | D:7      | Lost mutation: Scrolls take you a little longer to read. [potion of cure mutation]
  7683 | D:7      | Found a burning altar of Makhleb.
  7768 | D:7      | Gained mutation: You are covered in fur (AC +1). [mutagenic meat]
  7769 | D:7      | Gained mutation: You tend to lose your temper in combat. [mutagenic meat]
  7771 | D:7      | Gained mutation: You often lose your temper in combat. [mutagenic meat]
  7772 | D:7      | Gained mutation: Your flesh is heat resistant. [mutagenic meat]
  7831 | D:7      | Found a staircase to the Ecumenical Temple.
  8051 | D:7      | Reached XP level 9. HP: 48/53 MP: 14/14
  8106 | D:7      | Found Ecruylich's Armour Boutique.
  8128 | D:7      | Bought a +0 shield for 63 gold pieces
  8215 | D:7      | Reached ** piety under Okawaru
  8218 | D:7      | Reached skill level 10 in Stealth
  8411 | D:7      | Reached skill level 1 in Shields
  8613 | D:8      | Reached skill level 5 in Slings
  8722 | D:8      | Noticed a seven-headed hydra
  8740 | D:8      | Noticed Maurice
  8758 | D:8      | Killed Maurice
  8913 | D:8      | Reached skill level 5 in Dodging
  9006 | D:8      | Found a staircase to the Lair.
  9006 | D:8      | Noticed a komodo dragon
  9047 | D:8      | Reached *** piety under Okawaru
  9195 | D:8      | Found a glowing silver altar of Zin.
  9584 | D:9      | Reached XP level 10. HP: 58/58 MP: 16/16
  9908 | D:9      | Reached skill level 11 in Stealth
  9934 | D:9      | Noticed Erica
  9940 | D:9      | Killed Erica
  9940 | D:9      | Reached **** piety under Okawaru
 10080 | D:9      | Noticed Gastronok
 10385 | D:9      | Found a burning altar of Makhleb.
 11211 | D:9      | Killed Gastronok
 11211 | D:9      | Reached ***** piety under Okawaru
 11211 | D:9      | Received a gift from Okawaru
 11211 | D:9      | Received a gift from Okawaru
 11211 | D:9      | Reached XP level 11. HP: 41/63 MP: 18/18
 11328 | D:10     | Entered Level 10 of the Dungeon
 11934 | D:10     | Reached skill level 5 in Shields
 11936 | D:10     | Reached skill level 12 in Stealth
 12364 | D:10     | Reached skill level 10 in Evocations
 12946 | D:11     | Noticed Harold
 12961 | D:11     | Killed Harold
 13313 | D:11     | Received a gift from Okawaru
 13340 | D:11     | Noticed a seven-headed hydra
 13479 | D:11     | Noticed Josephine
 13495 | D:11     | Killed Josephine
 13495 | D:11     | Received a gift from Okawaru
 13495 | D:11     | Received a gift from Okawaru
 13594 | D:11     | Reached XP level 12. HP: 60/72 MP: 19/19
 13768 | D:11     | Found a staircase to the Orcish Mines.
 13793 | D:11     | Killed a seven-headed hydra
 13793 | D:11     | Reached skill level 10 in Slings
 13850 | D:12     | Noticed a tengu warrior
 13868 | D:11     | Killed a tengu warrior
 13868 | D:11     | Received a gift from Okawaru
 13868 | D:11     | Reached ****** piety under Okawaru
 13868 | D:11     | Reached skill level 13 in Stealth
 13892 | D:12     | Found Runtoche's Gadget Shoppe.
 14407 | D:12     | Noticed Rupert
 14537 | D:12     | Killed Rupert
 14537 | D:12     | Received a gift from Okawaru
 14961 | D:13     | Noticed an enchanted long sword
 15208 | D:13     | Noticed a centaur warrior
 15264 | D:13     | Killed a centaur warrior
 15264 | D:13     | Received a gift from Okawaru
 15265 | D:13     | Got a pitted greatsling {god gift}
 15266 | D:13     | Identified the +5 greatsling of the Saviour {speed, *Drain Dex+2 Stlth+} (Okawaru gifted it to you on level 13 of the Dungeon)
 15361 | D:13     | Found a gate to the Vaults.
 15361 | D:13     | Noticed an eight-headed hydra
 15369 | D:13     | Killed an eight-headed hydra
 15369 | D:13     | Reached skill level 5 in Fighting
 15386 | D:13     | Killed an enchanted long sword
 16155 | D:14     | Reached skill level 14 in Stealth
 16155 | D:14     | Reached XP level 13. HP: 81/81 MP: 20/20
 16220 | D:14     | Found Viodatti's Assorted Antiques.
 16221 | D:14     | Noticed a centaur warrior
 16234 | D:14     | Killed a centaur warrior
 16512 | D:14     | Bought a runed hunting sling for 39 gold pieces
 16512 | D:14     | Bought a wand of paralysis for 52 gold pieces
 16515 | D:14     | Identified a scroll of acquirement
 16517 | D:14     | Identified a +3 rod of inaccuracy (14/14) (You acquired it on level 14 of the Dungeon)
 16594 | D:14     | Found Vojer's Jewellery Emporium.
 17184 | D:8      | Killed a komodo dragon
 17205 | Lair:1   | Entered Level 1 of the Lair of Beasts
 17279 | Lair:1   | Noticed dorian's ghost (journeyman OpFE)
 17438 | Lair:1   | Received a gift from Okawaru
 17755 | Lair:1   | Killed dorian's ghost
 17755 | Lair:1   | Received a gift from Okawaru
 18549 | Lair:2   | Received a gift from Okawaru
 19406 | Lair:3   | Found a staircase to the Snake Pit.
 19429 | Lair:3   | Found a frozen archway.
 19657 | IceCv    | Entered an ice cave
 21217 | Lair:3   | Reached XP level 14. HP: 90/90 MP: 22/22
 21867 | Lair:4   | Reached skill level 15 in Stealth
 22130 | Lair:4   | Found a dark tunnel.
 22138 | Volcano  | Entered a volcano
 22540 | Lair:4   | Found a staircase to the Shoals.
 22789 | Lair:5   | Received a gift from Okawaru
 22870 | Lair:5   | Received a gift from Okawaru
 23094 | Lair:5   | Found a sacrificial altar of Ru.
 23328 | Lair:5   | Reached skill level 10 in Dodging
 23361 | Lair:5   | Received a gift from Okawaru
 24334 | Lair:6   | Found a labyrinth entrance.
 24346 | Lab      | Entered a labyrinth
 24649 | Lab      | Received a gift from Okawaru
 25035 | Lab      | Found an exit through the horrors of the Abyss.
 25154 | Lab      | Identified the Disquisition on Good Luck and Flight
 25162 | Lab      | Learned a level 2 spell: Repel Missiles
 25165 | Lab      | Learned a level 2 spell: Swiftness
 25169 | Lab      | Learned a level 3 spell: Regeneration
 25210 | Lair:6   | Received a gift from Okawaru
 25230 | Lair:6   | Found a staircase to the Slime Pits.
 25490 | Lair:6   | Received a gift from Okawaru
 25597 | Lair:6   | Reached skill level 1 in Charms
 25633 | Lair:6   | Reached skill level 1 in Air Magic
 25875 | Lair:6   | Reached skill level 1 in Spellcasting
 26105 | Lair:6   | Received a gift from Okawaru
 26105 | Lair:6   | Reached skill level 1 in Necromancy
 26655 | Lair:7   | Reached XP level 15. HP: 68/94 MP: 24/24
 26814 | Lair:7   | Received a gift from Okawaru
 27567 | Lair:8   | Entered Level 8 of the Lair of Beasts
 29066 | Lair:8   | Reached skill level 16 in Stealth
 29498 | Lair:8   | Received a gift from Okawaru
 29498 | Lair:8   | Reached skill level 10 in Shields
 30968 | Shoals:1 | Entered Level 1 of the Shoals
 31459 | Shoals:1 | Noticed Aizul
 31463 | Shoals:1 | Noticed Donald
 31606 | Shoals:1 | Got a twisted war axe
 31607 | Shoals:1 | Identified the +6 war axe "Odipra Ashyq" {freeze, rN+} (You found it on level 1 of the Shoals)
 32287 | Shoals:1 | Reached XP level 16. HP: 55/100 MP: 26/26
 32337 | Shoals:1 | Killed Donald
 32568 | Shoals:1 | Noticed Uberwunderbarhen's ghost (journeyman DEFE)
 33029 | Shoals:2 | Received a gift from Okawaru
 33752 | Shoals:3 | Noticed Mara
 34087 | Shoals:3 | Reached skill level 5 in Charms
 34103 | Shoals:3 | Killed from afar by a merfolk aquamancer

Action                   |  1- 3 |  4- 6 |  7- 9 | 10-12 | 13-15 | 16-18 || total
-------------------------+-------+-------+-------+-------+-------+-------++-------
Melee: Short sword       |    51 |     4 |       |    19 |       |       ||    74
       Flail             |       |    69 |   178 |    99 |    73 |       ||   419
       Hunting sling     |       |       |    19 |       |       |       ||    19
       Whip              |       |       |    12 |       |       |       ||    12
       Rod               |       |       |       |       |     3 |       ||     3
 Fire: Hunting sling     |       |       |   118 |   343 |  1708 |   291 ||  2460
       Blowgun           |       |       |    46 |    97 |    17 |     2 ||   162
       Greatsling        |       |       |       |    92 |   329 |       ||   421
 Cast: Regeneration      |       |       |       |       |     2 |    19 ||    21
       Repel Missiles    |       |       |       |       |     2 |     1 ||     3
Invok: Heroism           |       |       |     1 |       |       |       ||     1
Evoke: Wand              |     5 |    12 |    21 |    25 |    18 |       ||    81
       Rod               |       |       |       |       |    64 |     4 ||    68
       Phial of floods   |       |       |       |       |     2 |       ||     2
  Use: Potion            |     3 |       |    15 |     3 |     5 |       ||    26
       Scroll            |       |     5 |    14 |     6 |    21 |       ||    46
 Stab: Sleeping          |     8 |     9 |    19 |    16 |     3 |       ||    55
       Distracted        |       |     1 |     1 |       |       |       ||     2
       Paralysed         |       |       |       |     8 |     3 |       ||    11
  Eat: Chunk             |     2 |     1 |    19 |     8 |     9 |     4 ||    43
       Meat ration       |       |     1 |     2 |     2 |       |       ||     5
       Bread ration      |       |       |       |     1 |     9 |     1 ||    11
       Beef jerky        |       |       |       |       |     2 |       ||     2
       Pizza             |       |       |       |       |       |     1 ||     1
